 Dungeon Crawl Stone Soup version 0.28-a0-664-gc179e30c89 (webtiles) character file.

Game seed: 5220954764490730747

131 KristoblXynda the Cutter (level 5, -2/33 HPs)
             Began as a Kobold Gladiator on Oct 15, 2021.
             Slain by a gnoll (9 damage)
             ... on level 2 of the Dungeon.
             The game lasted 00:03:47 (2941 turns).

KristoblXynda the Cutter (Kobold Gladiator)         Turns: 2941, Time: 00:03:48

Health: -2/33      AC:  4    Str: 13    XL:     5   Next: 37%
Magic:  5/5        EV: 16    Int:  9    God:
Gold:   89         SH:  0    Dex: 16    Spells: 4/4 levels left

rFire   . . .      SeeInvis .   a - +0 rapier
rCold   . . .      Faith    .   (shield restricted)
rNeg    . . .      Spirit   .   b - +0 leather armour
rPois   .          Reflect  .   c - +0 helmet
rElec   .          Harm     .   (no cloak)
rCorr   .          Rampage  .   (no gloves)
Will    .....                   (no boots)
Stlth   ++........              (no amulet)
HPRegen 0.11/turn               (no ring)
MPRegen 0.09/turn               (no ring)

@: no status effects
A: small, no large weapons, nightstalker 3
a: no special abilities


You were on level 2 of the Dungeon.
You visited 1 branch of the dungeon, and saw 3 of its levels.

You collected 89 gold pieces.

Inventory:

Hand Weapons
 a - a +0 rapier (weapon)
Missiles
 d - 3 throwing nets (quivered)
Armour
 b - a +0 leather armour (worn)
 c - a +0 helmet (worn)
 h - a +0 buckler
Scrolls
 f - 3 scrolls of identify {unknown}
 g - a scroll of fog {unknown}
 i - a scroll of noise {unknown}
 k - a scroll of immolation {unknown}
 l - a scroll of teleportation {unknown}
 m - a scroll of amnesia {unknown}
Potions
 e - 2 potions of curing {unknown}
 j - 2 potions of brilliance {unknown}


   Skills:
 + Level 3.6 Fighting
 + Level 5.4 Short Blades
 - Level 2.1 Throwing
 + Level 5.0 Dodging


You had 4 spell levels left.
You didn't know any spells.
Your spell library was empty.

Dungeon Overview and Level Annotations

Branches:
Dungeon (3/15)

Altars:


Innate Abilities, Weirdness & Mutations

You are small and have problems with some larger weapons.
You are completely attuned to the shadows.


Message History

You closely miss the gnoll.
The gnoll is almost dead.
The gnoll hits you with a +0 spear!
The gnoll shouts!
You hit the gnoll.
You kill the gnoll!
The gnoll hits you with a +0 flail.
Your Dodging skill increases to level 5!
You are too injured to fight recklessly!
There is a stone staircase leading up here.
The gnoll barely misses you.
You climb upwards.
There is a stone staircase leading down here.
You hit the gnoll.
The gnoll is lightly wounded.
The gnoll misses you.
You closely miss the gnoll.
The gnoll is lightly wounded.
The gnoll misses you.
You closely miss the gnoll.
The gnoll is lightly wounded.
The gnoll hits you with a +0 flail!
* * * LOW HITPOINT WARNING * * *
You barely miss the gnoll.
The gnoll is lightly wounded.
The gnoll barely misses you.
You hit the gnoll.
The gnoll is heavily wounded.
The gnoll misses you.
You hit the gnoll.
The gnoll is almost dead.
The gnoll shouts!
You hit the gnoll but do no damage.
The gnoll is almost dead.
You hear a shout!
The gnoll misses you.
You closely miss the gnoll.
The gnoll is almost dead.
The gnoll hits you with a +0 flail!
You die...

##### ########### ####
#...#######.........# #...
#...................###...
#...................##....
##...................##....
#######..........................
....##........)..................
.................................
...............g@................
..............g...###............
...............######............
....>..........................#.
#..........................###.#.
.....##..................#.....#.
.............#.....#....##.....##
.............')........)...†...##
.............#.....#....##.....##


You could see 2 gnolls.

Vanquished Creatures
  3 gnolls
  5 adders (D:2)
  2 dart slugs (D:2)
  2 worms (D:2)
  4 ball pythons (D:2)
  6 bats
  5 endoplasms
  2 giant cockroaches
  7 goblins
  4 hobgoblins
  6 kobolds
  A frilled lizard (D:2)
  3 rats
50 creatures vanquished.

Notes
Turn   | Place    | Note
-------+----------+-------------------------------------------
     0 | D:1      | KristoblXynda the Kobold Gladiator began the quest for the
                  | Orb.
     0 | D:1      | Reached XP level 1. HP: 12/12 MP: 1/1
   329 | D:1      | Found a faded altar of an unknown god.
   334 | D:1      | Reached XP level 2. HP: 18/18 MP: 2/2
  1001 | D:1      | Reached XP level 3. HP: 22/22 MP: 3/3
  1648 | D:2      | Reached XP level 4. HP: 22/28 MP: 4/4
  2082 | D:2      | Reached skill level 5 in Short Blades
  2527 | D:2      | Reached XP level 5. HP: 32/32 MP: 5/5
  2919 | D:3      | Reached skill level 5 in Dodging
  2941 | D:2      | Slain by a gnoll

Illustrated notes

Levels and vault maps discovered:
D:1:      matt_arrival_diagonals, layout_basic,
          hellmonk_ecumenical_altar_slurped_away
D:2:      minmay_chambers_of_twos, layout_basic, serial_curves, eino_curves_04,
          eino_curves_03, eino_curves_02, amethyst_killhole
D:3:      layout_basic, mainiacjoe_overflow_tiny_flanked, serial_forest,
          infiniplex_forest_clump_small, infiniplex_forest_clump_small,
          infiniplex_forest_lined_ring, infiniplex_forest_lined_room_3,
          infiniplex_forest_corner_1, infiniplex_forest_clump_cross,
          infiniplex_forest_clump_C, uniq_jessica

Skill      XL: |  1  2  3  4  5 |
---------------+----------------+-----
Dodging        | 4 5 |  5.0
Fighting       | 3 |  3.6
Short Blades   | 5 |  5.4
Throwing       | |  2.1

Action                   |  1- 3 |  4- 6 || total
-------------------------+-------+-------++-------
Melee: Rapier            |   103 |    78 ||   181
 Stab: Sleeping          |     8 |     7 ||    15
       Distracted        |     1 |     1 ||     2
Armor: Leather armour    |    18 |     7 ||    25
Dodge: Dodged            |    73 |    57 ||   130

Table legend: (Time is in decaauts)
 A = Elapsed time spent in this place.
 B = Non-inter-level travel time spent in this place.
 C = Inter-level travel time spent in this place.
 D = Time resting spent in this place.
 E = Time spent auto-exploring this place.
 F = Levels seen in this place.
 G = Mean time per level.
                   A        B        C        D        E       F      G
               +--------+--------+--------+--------+--------+-----+--------+
         Total |   2934 |   2898 |     36 |    606 |   1852 |   3 |  978.0 |
       Dungeon |   2934 |   2898 |     36 |    606 |   1852 |   3 |  978.0 |
               +--------+--------+--------+--------+--------+-----+--------+

Top non-repeatable levels by time:
     D:2: 1656 daAuts
     D:1: 1267 daAuts
     D:3: 11 daAuts
